 Dungeon Crawl Stone Soup version 0.31-a0-8-gd14b0f4ee2 (webtiles) character file.

Game seed: 1343739808183752027

86 Kuronicle the Ducker (level 4, -2/28 (35) HPs)
             Began as a Human Monk on May 6, 2023.
             Slain by Sigmund
             ... wielding a +0 scythe
              (7 damage)
             ... on level 2 of the Dungeon.
             The game lasted 00:06:46 (2555 turns).

Kuronicle the Ducker (Human Monk)                   Turns: 2555, Time: 00:06:46

HP:   -2/28 (35)    AC:  5    Str: 12    XL:     4   Next: 78%
MP:   3/3           EV: 12    Int:  9    God:
Gold: 106           SH:  5    Dex: 20    Spells: 3/3 levels left

rFire   . .          .
                       - Unarmed
rCold   . . .        (no shield)
rNeg    . . .        n - +0 ring mail
rPois   +            (helmet restricted)
rElec   .            (no cloak)
rCorr   .            (no gloves)
SInv    .            (no boots)
Will    .....        l - amulet of reflection
Stlth   ++           (no ring)
HPRegen 0.24/turn    (no ring)
MPRegen 0.08/turn

%: reflection
@: heavily drained
A: horns 1, agile 1, low MP 1, poison resistance
a: no special abilities


You were on level 2 of the Dungeon.
You visited 1 branch of the dungeon, and saw 3 of its levels.

You collected 106 gold pieces.

Inventory:

Hand Weapons
 b - a +1 dagger of draining
 i - a +0 war axe
Armour
 n - a +0 ring mail (worn)
Jewellery
 l - an amulet of reflection (around neck)
Scrolls
 a - a scroll of identify {unknown}
 e - a scroll of acquirement {unknown}
 g - a scroll of teleportation {unknown}
 h - 2 scrolls of torment {unknown}
 m - a scroll of immolation {unknown}
 q - a scroll of vulnerability {unknown}
Potions
 c - a potion of mutation
 d - a potion of brilliance {unknown}
 f - 2 potions of cancellation {unknown}
 j - a potion of degeneration {unknown}
 k - 2 potions of lignification {unknown}
 o - a potion of heal wounds {unknown}
 p - a potion of flight {unknown}


   Skills:
 * Level 3.0 Fighting
 - Level 2.0 Armour
 + Level 4.2 Dodging
 * Level 1.5 Stealth
 * Level 0.2 Shields
 + Level 3.0 Unarmed Combat


You had 3 spell levels left.
You didn't know any spells.
Your spell library contained the following spells:

 Spells                   Type           Power      Damage    Failure   Level
 Blink                    Tloc           0%         N/A       80%         2
 Lesser Beckoning         Tloc           0%         N/A       80%         2
 Momentum Strike          Conj/Tloc      0%         3d8       80%         2
 Static Discharge         Conj/Air       0%         2-2/arc   80%         2
 Airstrike                Air            0%         2d(0-16)  100%        4
 Animate Dead             Necr           0%         N/A       100%        4
 Summon Lightning Spire   Summ/Air       0%         N/A       100%        4
 Borgnjor's Vile Clutch   Necr/Erth      0%         N/A       100%        5
 Death Channel            Necr           0%         N/A       100%        6


Dungeon Overview and Level Annotations

Branches:
Dungeon (3/15)

Altars:

Annotations:
D:2 Sigmund


Innate Abilities, Weirdness & Mutations

You have a pair of small horns on your head.
You are agile. (Dex +4, Str/Int -1)
Your magical capacity is low. (-10% MP)
Your system is resistant to poisons. (rPois)


Message History

You closely miss Sigmund.
Sigmund is lightly wounded.
You hit Sigmund.
Sigmund is moderately wounded.
Sigmund barely misses you.
You hit Sigmund.
Sigmund is heavily wounded.
Sigmund hits you with a +0 scythe.
You hit Sigmund but do no damage.
Sigmund is heavily wounded.
You closely miss Sigmund.
Sigmund is heavily wounded.
Sigmund hits you with a +0 scythe!
* * * LOW HITPOINT WARNING * * *
You barely miss Sigmund.
Sigmund is heavily wounded.
Sigmund hits you with a +0 scythe.
* * * LOW HITPOINT WARNING * * *
You barely miss Sigmund.
Sigmund is heavily wounded.
You barely miss Sigmund.
Sigmund is heavily wounded.
Sigmund hits you with a +0 scythe.
* * * LOW HITPOINT WARNING * * *
It was a potion of mutation.
You feel extremely strange.
You feel resistant to poisons.
You feel agile.
You feel less energetic. A pair of horns grows on your head!
You closely miss Sigmund.
Sigmund is heavily wounded.
You block Sigmund's attack.
You hit Sigmund. You headbutt Sigmund.
Sigmund is almost dead.
Sigmund hits you but does no damage.
You barely miss Sigmund.
Sigmund is almost dead.
You closely miss Sigmund. You headbutt Sigmund.
Sigmund is almost dead.
Sigmund says, "Your kind have come here before.
I understand now why.
You desire death..."
Sigmund hits you with a +0 scythe!
You die...

#<# #########.# #.#
#.........# ####.#
#.#######.# .....# #.#
#.# ###### #.# #.# #.#
#.# #######.##### #.#
##########...##......#
#.#
................@###.#
#.#
...............@[..#.#
#.####
.#########...##.†..#.#
#....# ..#
#...##....#.# #..#.#
..# #...#.....#.#
#..#.# ..#
#####.....#.# #..#.##
..#
###.....#.###..#..#
..#
#.............)†..#
..#
#.##....#......#..#


You could see Sigmund.

Vanquished Creatures
  3 adders (D:2)
  A dart slug (D:2)
  An orc (D:2)
  4 ball pythons
  4 bats
  2 endoplasms
  3 giant cockroaches
  4 goblins
  8 hobgoblins
  3 jackals (D:2)
  4 quokkas
  4 frilled lizards
  7 kobolds
  3 rats (D:2)
51 creatures vanquished.

Vanquished Creatures (others)
  2 plants (D:1)
2 creatures vanquished.

Grand Total: 53 creatures vanquished

Notes
Turn   | Place    | Note
-------+----------+-------------------------------------------
     0 | D:1      | Kuronicle the Human Monk began the quest for the Orb.
     0 | D:1      | Reached XP level 1. HP: 18/18 MP: 1/1
   284 | D:1      | Reached XP level 2. HP: 18/24 MP: 2/2
   643 | D:1      | Reached skill level 1 in Stealth
   662 | D:1      | Reached XP level 3. HP: 14/29 MP: 3/3
   833 | D:1      | Reached skill level 1 in Armour
   898 | D:1      | Found a faded altar of an unknown god.
  1408 | D:2      | Reached skill level 4 in Dodging
  1533 | D:2      | Reached XP level 4. HP: 31/35 MP: 4/4
  2392 | D:3      | Noticed Sigmund
  2551 | D:2      | Gained mutation: Your system is resistant to poisons.
                  | (rPois) [potion of mutation]
  2551 | D:2      | Gained mutation: You are agile. (Dex +4, Str/Int -1)
                  | [potion of mutation]
  2551 | D:2      | Gained mutation: Your magical capacity is low. (-10% MP)
                  | [potion of mutation]
  2551 | D:2      | Gained mutation: You have a pair of small horns on your
                  | head. [potion of mutation]
  2555 | D:2      | Slain by Sigmund

Illustrated notes

Levels and vault maps discovered:
D:1:      doesnt_arrival_eight_statues, layout_loops_corners,
          dilly_ecumenical_altar_fadedgnrine
D:2:      layout_basic, minmay_misc_feat_x, minmay_misc_feat_five
D:3:      layout_loops_ring, kennysheep_crisscross, uniq_ijyb, uniq_sigmund

Skill      XL: |  1  2  3  4 |
---------------+-------------+-----
Stealth        | 1 |  1.5
Armour         | 1 2 |  2.0
Dodging        | 4 |  4.2
Fighting       | |  3.0
Shields        | |  0.2
Unarmed Combat | |  3.0

Action                     |  1- 3 |  4- 6 || total
---------------------------+-------+-------++-------
  Melee: Unarmed           |   147 |   105 ||   252
         Punch             |     2 |     1 ||     3
         Headbutt          |       |     2 ||     2
    Use: Potion            |       |     2 ||     2
   Stab: Sleeping          |       |     1 ||     1
 Armour: Robe              |    17 |       ||    17
         Leather armour    |    15 |       ||    15
         Ring mail         |       |    29 ||    29
  Dodge: Dodged            |   129 |    68 ||   197
  Block: Other             |       |    22 ||    22

Table legend: (Time is in decaauts)
 A = Elapsed time spent in this place.
 B = Non-inter-level travel time spent in this place.
 C = Inter-level travel time spent in this place.
 D = Time resting spent in this place.
 E = Time spent auto-exploring this place.
 F = Levels seen in this place.
 G = Mean time per level.
                   A        B        C        D        E       F      G
               +--------+--------+--------+--------+--------+-----+--------+
         Total |   2542 |   2339 |    203 |      0 |   1638 |   3 |  847.3 |
       Dungeon |   2542 |   2339 |    203 |      0 |   1638 |   3 |  847.3 |
               +--------+--------+--------+--------+--------+-----+--------+

Top non-repeatable levels by time:
     D:2: 1296 daAuts
     D:1: 1236 daAuts
     D:3: 8 daAuts
